 Dungeon Crawl Stone Soup version 0.27-a0-1502-g47ed6a6988 (webtiles) character file.

Game seed: 1633893059876466668

152 Spaninq the Chopper (level 5, -1/47 HPs)
             Began as a Hill Orc Berserker on July 9, 2021.
             Was a Follower of Trog.
             Slain by an orc priest (4 damage)
             ... on level 4 of the Dungeon.
             The game lasted 00:07:26 (3698 turns).

Spaninq the Chopper (Hill Orc Berserker)            Turns: 3698, Time: 00:07:27

Health: -1/47      AC: 12    Str: 21    XL:     5   Next: 34%
Magic:  5/5        EV:  8    Int:  7    God:    Trog [*.....]
Gold:   108        SH:  0    Dex: 12    Spells: 4/4 levels left

rFire    . . .     SeeInvis .   a - +0 hand axe
rCold    . . .     Faith    .   (no shield)
rNeg     . . .     Spirit   .   n - +0 chain mail
rPois    .         Reflect  .   (no helmet)
rElec    .         Harm     .   g - +0 cloak
rCorr    .         Rampage  .   (no gloves)
Will     .....                  (no boots)
Stlth    ..........             (no amulet)
HPRegen  0.15/turn              (no ring)
MPRegen  0.09/turn              (no ring)

@: on berserk cooldown, slowed, invisible, very slow
A: iridescent scales 1, thin skeletal structure 1, passive freeze, sense
surroundings 1
a: Renounce Religion, Berserk


You were on level 4 of the Dungeon.
You worshipped Trog.
Trog was aware of your devotion.
You visited 1 branch of the dungeon, and saw 4 of its levels.

You collected 108 gold pieces.

Inventory:

Hand Weapons
 a - a +0 hand axe (weapon)
Armour
 g - a +0 cloak (worn)
 n - a +0 chain mail (worn)
 s - a +1 kite shield
Wands
 k - a wand of charming (5)
 t - a wand of acid (10)
Scrolls
 d - 2 scrolls of fog
 e - 3 scrolls of identify
 h - 2 scrolls of enchant armour
 j - 2 scrolls of fear
Potions
 f - a potion of curing {unknown}
 l - a potion of attraction {unknown}
 o - a potion of degeneration {unknown}
 p - a potion of might {unknown}


   Skills:
 + Level 4.6 Fighting
 * Level 6.1 Axes
 + Level 3.4 Armour
 - Level 1.5 Dodging
 + Level 0.7 Shields


You had 4 spell levels left.
You didn't know any spells.
Your spell library was empty.

Dungeon Overview and Level Annotations

Branches:
Dungeon (4/15)
 Temple: D:4-7

Altars:
Ashenzari


Innate Abilities, Weirdness & Mutations

You are partially covered in iridescent scales. (AC +2)
You have a somewhat thin skeletal structure. (Dex +2, Stealth+)
A frigid envelope surrounds you and freezes all who hurt you.
You passively map a small area around you.


Message History

You hear a shout! x2
You miss the orc wizard.
You feel sick.
An orc comes into view. It is wielding a +0 flail.
The orc wizard points at you and mumbles some strange words.
The puff of flame hits you but does no damage.
You bump into the rock wall.
You feel sick.
The orc wizard hits you but does no damage.
You hit the orc wizard.
The orc wizard is moderately wounded.
You are no longer berserk.
You are exhausted.
You feel yourself slow down.
The orc priest shouts, "Join the one true god or die!"
You bump into the rock wall.
You feel less confused.
You feel sick. The orc wizard barely misses you.
The orc wizard gestures at you while chanting.
The puff of flame hits you.
* * * LOW HITPOINT WARNING * * *
It was a potion of mutation.
You feel extremely strange.
You feel a strange attunement to the structure of the dungeons.
Your skin feels very cold.
Your bones become slightly less dense.
Iridescent scales grow over part of your body.
You feel sick.
You are no longer poisoned.
The orc wizard hits you but does no damage.
The orc wizard is very cold.
The orc wizard is almost dead.
The orc priest invokes the aid of Beogh against you.
Beogh smites you!
* * * LOW HITPOINT WARNING * * *
It was a potion of invisibility.
You fade into invisibility!
The orc wizard hits you but does no damage.
The orc wizard is very cold.
You kill the orc wizard!
Trog accepts your kill.
Trog appreciates your killing of a magic user.
The orc priest hits you with a +0 dagger.
You die...

*
..#####.####+##..
#. ,
.......<.........
.
#######.#.#####.
#* , #######...#
* * ........###
** , .#.####.# ,
, #.# , #.# , #@#
*, , * *#o# * **
* , #o# ,, , ,
.o. , , , #.# * *
* ** , ..# * * ,
..#* *, * #.#*,,*
, *


You could see an orc priest and 2 orcs.

Vanquished Creatures
  Terence (D:2)
  3 orc wizards (D:4)
  3 adders (D:2)
  A worm (D:2)
  3 dart slugs
  An orc (D:4)
  3 bats (D:2)
  An endoplasm (D:2)
  A giant cockroach (D:1)
  2 goblins
  4 hobgoblins
  2 kobolds (D:1)
  3 quokkas
  7 ball pythons
  3 frilled lizards
  7 rats
45 creatures vanquished.

Notes
Turn   | Place    | Note
-------+----------+-------------------------------------------
     0 | D:1      | Spaninq the Hill Orc Berserker began the quest for the Orb.
     0 | D:1      | Reached XP level 1. HP: 19/19 MP: 1/1
    59 | D:1      | Reached XP level 2. HP: 5/27 MP: 2/2
  1722 | D:2      | Reached XP level 3. HP: 22/33 MP: 3/3
  2000 | D:2      | Reached skill level 5 in Axes
  2388 | D:2      | Found a broken altar of Ashenzari.
  2423 | D:2      | Reached XP level 4. HP: 36/40 MP: 4/4
  2702 | D:2      | Noticed Terence
  2712 | D:2      | Killed Terence
  3687 | D:4      | Reached skill level 6 in Axes
  3687 | D:4      | Reached XP level 5. HP: 31/47 MP: 5/5
  3697 | D:4      | Gained mutation: You passively map a small area around you.
                  | [potion of mutation]
  3697 | D:4      | Gained mutation: A frigid envelope surrounds you and
                  | freezes all who hurt you. [potion of mutation]
  3697 | D:4      | Gained mutation: You have a somewhat thin skeletal
                  | structure. (Dex +2, Stealth+) [potion of mutation]
  3697 | D:4      | Gained mutation: You are partially covered in iridescent
                  | scales. (AC +2) [potion of mutation]
  3698 | D:4      | Slain by an orc priest

Illustrated notes

Levels and vault maps discovered:
D:1:      kennysheep_arrival_forest, layout_basic
D:2:      layout_loops_ring, basic_altar, uniq_terence
D:3:      layout_basic
D:4:      layout_rooms, serial_shops,
          nicolae_shop_temple_entry_statues_fountains, dk_noncrumbling_4,
          hangedman_decor_lopped, lightli_minifort, uniq_purgy

Skill      XL: |  1  2  3  4 |
---------------+-------------+-----
Fighting       | 4 |  4.6
Axes           | 5 6 |  6.1
Armour         | 3 |  3.4
Dodging        | |  1.5
Shields        | |  0.7

Action                   |  1- 3 |  4- 6 || total
-------------------------+-------+-------++-------
Melee: Hand axe          |   115 |    40 ||   155
Invok: Berserk           |     1 |     2 ||     3
  Use: Scroll            |       |     8 ||     8
       Potion            |       |     3 ||     3
 Stab: Sleeping          |     1 |       ||     1
Armor: Animal skin       |    26 |       ||    26
       Chain mail        |       |    15 ||    15
Dodge: Dodged            |    82 |    14 ||    96

Table legend: (Time is in decaauts)
 A = Elapsed time spent in this place.
 B = Non-inter-level travel time spent in this place.
 C = Inter-level travel time spent in this place.
 D = Time resting spent in this place.
 E = Time spent auto-exploring this place.
 F = Levels seen in this place.
 G = Mean time per level.
                   A        B        C        D        E       F      G
               +--------+--------+--------+--------+--------+-----+--------+
         Total |   3726 |   3530 |    196 |    585 |   2506 |   4 |  931.5 |
       Dungeon |   3726 |   3530 |    196 |    585 |   2506 |   4 |  931.5 |
               +--------+--------+--------+--------+--------+-----+--------+

Top non-repeatable levels by time:
     D:1: 1721 daAuts
     D:2: 1071 daAuts
     D:3: 892 daAuts
     D:4: 41 daAuts
